 Dungeon Crawl Stone Soup version 0.30-a0-918-g0ff054e9dc (console) character file.

Game seed: 5387242507282581249

16208 petzl the Thaumaturge (level 12, -5/89 HPs)
             Began as a Formicid Delver on Mar 20, 2023.
             Was a High Priest of Vehumet.
             Slain by a harpy simulacrum (8 damage)
             ... in an ice cave on Mar 21, 2023.
             The game lasted 01:31:04 (17103 turns).

petzl the Thaumaturge (Formicid Delver)            Turns: 17103, Time: 01:31:05

Health: -5/89      AC: 12    Str: 24    XL:     12   Next: 67%
Magic:  25/25      EV: 12    Int: 14    God:    Vehumet [*****.]
Gold:   638        SH:  5    Dex: 18    Spells: 13/29 levels left

rFire   . . .      SeeInvis +    f - +2 war axe (flame) {!f =f}
rCold   . . .      Faith    .    (no shield)
rNeg    . . .      Spirit   .    H - +3 leather armour {Will+}
rPois   +          Reflect  +    (helmet unavailable)
rElec   .          Rampage  .    T - +0 cloak
rCorr   .                        F - +2 pair of gloves {Dex+3}
Will    ++...                    R - +1 pair of boots
Stlth   ++++                     G - amulet of reflection
HPRegen 0.34/turn                s - +6 ring of strength
MPRegen 0.19/turn                U - ring of poison resistance

@: no status effects
A: permanent stasis, dig shafts and tunnels, antennae 3, four strong arms
a: Dig, Renounce Religion


You were in an ice cave.
You worshipped Vehumet.
Vehumet was extremely pleased with you.
You visited 2 branches of the dungeon, and saw 15 of its levels.
You also visited: Ice Cave.

You collected 728 gold pieces.
You spent 90 gold pieces at shops.

Inventory:

Hand Weapons
 a - a +3 shortbow of flaming
 b - a +0 dagger of venom {!f =f}
 e - a +1 sling of freezing
 f - a +2 war axe of flaming (weapon) {!f =f}
 h - a +4 morningstar of holy wrath
 x - a +0 great mace of protection
 z - a +2 dagger of draining {!f =f}
 V - a +3 shortbow
Missiles
 g - 3 throwing nets
 j - 25 poisoned darts (quivered)
 E - 9 silver javelins
 J - 10 curare-tipped darts
Armour
 F - a +2 pair of gloves of dexterity (worn)
 H - a +3 leather armour of willpower (worn)
 I - the +2 cloak of Quantum Leap {*Slow Dex+4}
   (You found it on level 5 of the Dungeon)

   Dex:       It affects your dexterity (+4).
   *Slow:     It may slow you when you take damage.
 R - a +1 pair of boots (worn)
 T - a +0 cloak (worn)
Jewellery
 p - a ring of resist corrosion
 s - a +6 ring of strength (left hand)
 G - an amulet of reflection (around neck)
 O - a ring of willpower
 U - a ring of poison resistance (right hand)
Wands
 v - a wand of polymorph (17)
 A - a wand of digging (1)
 B - a wand of acid (9)
 S - a wand of charming (10)
 Z - a wand of flame (19)
Scrolls
 c - 3 scrolls of fog
 d - a scroll of magic mapping
 i - a scroll of enchant armour
 l - a scroll of amnesia
 t - 2 scrolls of silence
 w - a scroll of immolation
 C - 5 scrolls of identify
 L - a scroll of fear
 M - 2 scrolls of poison
 N - 2 scrolls of butterflies
Potions
 k - 4 potions of curing
 m - 4 potions of brilliance
 n - 3 potions of magic
 o - a potion of invisibility
 q - a potion of mutation {unknown}
 r - 2 potions of heal wounds
 u - a potion of berserk rage {unknown}
 D - a potion of cancellation
 K - a potion of flight
 Q - a potion of might
 W - a potion of lignification {unknown}
 X - a potion of degeneration {unknown}
Miscellaneous
 P - a phantom mirror


   Skills:
 + Level 6.4 Fighting
 - Level 2.0 Short Blades
 - Level 2.2 Maces & Flails
 + Level 3.5 Ranged Weapons
 - Level 2.0 Dodging
 - Level 9.0 Stealth
 * Level 9.3 Spellcasting
 + Level 8.2 Conjurations
 - Level 3.0 Necromancy
 - Level 4.0 Transmutations
 + Level 6.0 Fire Magic
 * Level 5.2 Air Magic
 - Level 6.0 Earth Magic
 - Level 6.0 Poison Magic
 + Level 1.9 Evocations


You had 13 spell levels left.
You knew the following spells:

 Your Spells              Type           Power      Damage    Failure   Level
a - Stone Arrow           Conj/Erth      52%        3d10      1%          3
b - Kiss of Death         Conj/Necr      88%        2d12      1%          1
c - Freeze                Ice            24%        1d4       3%          1
d - Plasma Beam           Fire/Air       11%        2x1d24    10%         5
m - Mephitic Cloud        Conj/Pois/Air  24%        N/A       1%          3
I - Ignite Poison         Fire/Tmut/Pois 21%        N/A       1%          3

Your spell library contained the following spells:

 Spells                   Type           Power      Damage    Failure   Level
 Ozocubu's Refrigeration  Ice            3%         4d8       100%        7
 Sandblast                Erth           46%        2d11      1%          1
 Cigotuvi's Dreadful Rot  Necr/Pois/Air  38%        N/A       2%          2
 Passwall                 Tmut/Erth      16%        N/A       2%          2
 Confusing Touch          Hex            6%         N/A       36%         3
 Portal Projectile        Hex/Tloc       12%        N/A       36%         3
 Tukima's Dance           Hex            6%         N/A       36%         3
 Dispel Undead            Necr           14%        3d10      36%         4
 Blade Hands              Tmut           8%         N/A       56%         5
 Death Channel            Necr           7%         N/A       99%         6


Dungeon Overview and Level Annotations

Branches:
Dungeon (12/15)            Temple (0/1) D:6            Lair (3/5) D:9
  Swamp (0/4) Lair:2       Spider (0/4) Lair:2          Orc (0/2) D:10
  IceCv (1/1)

Altars:
Ashenzari
Cheibriados
Fedhas
Gozag
Hepliaklqana
Makhleb
Okawaru
Qazlal
Vehumet
Zin

Shops:
D:3 [

Annotations:
D:7 2 transporters, AverageBear's ghost, novice OpFi
D:9 exclusion: downstairs
Lair:2 exclusion: 2 cane toads IceCv exclusion: ice statue


Innate Abilities, Weirdness & Mutations

You cannot be hasted, slowed, berserked, paralysed or teleported.
You can dig through walls and to a lower floor.
You have a pair of large antennae on your head. (SInv)
Your four strong arms can wield two-handed weapons with a shield.


Message History

You now have 613 gold pieces (gained 15).
You now have 638 gold pieces (gained 25).
An ice statue and a harpy simulacrum come into view.
A polar bear simulacrum comes into view.
Marking area around an ice statue as unsafe for travelling.
Unknown command.
Unknown command.
Unknown command.
Fire: a) +3 shortbow (flame)
Press: ? - help, Q - select action, (/) - cycle Shift-Dir - straight line, f - harpy simulacrum
Aim: a harpy simulacrum (83% to hit)
Okay, then.
Unknown command.
Unknown command.
Unknown command.
Your +3 shortbow of flaming stops flaming.
Your +2 war axe of flaming {!f =f} bursts into flame!
f - a +2 war axe of flaming (weapon)
{!f =f} You block the harpy simulacrum's attack.
The harpy simulacrum claws you. The harpy simulacrum freezes you!!
You slash the harpy simulacrum!
You melt the harpy simulacrum.
The harpy simulacrum is almost destroyed.
The harpy simulacrum claws you but does no damage.
The harpy simulacrum closely misses you. x2
The harpy simulacrum claws you. The harpy simulacrum freezes you!
The harpy simulacrum barely misses you. The harpy simulacrum misses you.
You block the harpy simulacrum's attack.
The harpy simulacrum barely misses you.
You barely miss the harpy simulacrum.
The harpy simulacrum is almost destroyed.
The harpy simulacrum claws you! The harpy simulacrum freezes you!
You block the harpy simulacrum's attack.
The harpy simulacrum claws you. The harpy simulacrum freezes you!
* * * LOW HITPOINT WARNING * * *
The harpy simulacrum claws you!
* * * LOW HITPOINT WARNING * * *
The harpy simulacrum freezes you!
* * * LOW HITPOINT WARNING * * *
The harpy simulacrum claws you!
You die...

#.##...#####.###.##
#.#.#.## #..#)#[#
#...### ##.##.##
#..## #.#.## #.##
#..#### #.# ##.##.#
#≈≈≈# #..#..# #≈≈##
##.##.## ≈≈≈≈
#..#.## ≈≈≈#
#.###.# ≈≈##
##.##.# ≈≈ #.#.##
≈≈ ##...# #.#.#
###.## ##.# ##.#
#..# #@## #Z## ##.#
#.# ..# Z.## ...
...# .Z8. ##...


You could see a harpy simulacrum.

Vanquished Creatures
  Harold (Lair:2)
  A two-headed ogre (D:11)
  Urug (D:11)
  Nergalle (D:11)
  A manticore (D:12)
  Maurice (D:8)
  3 cane toads
  Maggie (Lair:1)
  An anaconda simulacrum (IceCv)
  A komodo dragon (Lair:1)
  Prince Ribbit (D:5)
  4 blink frogs (Lair:1)
  The ghost of pigah the Caller, an amateur OpWn (D:5)
  A shadow (D:9)
  25 yaks
  2 wraiths
  3 wyverns
  The ghost of selver the Shooter, an amateur MiHu (D:3)
  Grum (D:8)
  A vampire mosquito (D:5)
  A steam dragon (D:8)
  2 death yak simulacra (IceCv)
  4 water moccasins
  3 sky beasts
  2 black bears
  5 orc warriors
  2 ogres
  3 wolves
  A phantom (D:6)
  6 centaurs
  2 bullfrogs
  4 kobold brigands
  3 scorpions
  7 two-headed ogre simulacra (IceCv)
  A gnoll sergeant (D:8)
  2 cane toad simulacra (IceCv)
  5 wights (D:6)
  5 howler monkeys
  A jelly (D:5)
  A sleepcap (D:6)
  4 iguanas
  9 orc priests
  7 hounds
  5 orc wizards
  3 troll simulacra (IceCv)
  2 spriggan simulacra (IceCv)
  6 gnolls
  6 naga simulacra (IceCv)
  8 adders
  11 river rats
  6 white imps
  5 ufetubi
  5 worms
  2 dart slugs
  38 orcs
  9 ball pythons
  5 bats
  7 endoplasms
  4 giant cockroaches
  10 goblins
  6 hobgoblins
  7 jackals
  4 quokkas
  4 frilled lizards
  24 kobolds
  19 rats
328 creatures vanquished.

Vanquished Creatures (others)
  4 fungi
  7 plants
11 creatures vanquished.

Grand Total: 339 creatures vanquished

Notes
Turn   | Place    | Note
-------+----------+-------------------------------------------
     0 | D:5      | petzl the Formicid Delver began the quest for the Orb.
     0 | D:5      | Reached XP level 1. HP: 18/18 MP: 1/1
    20 | D:5      | Became a worshipper of Vehumet
    55 | D:6      | Noticed a howler monkey
   138 | D:6      | Noticed a sleepcap
   356 | D:4      | Found a snail-covered altar of Cheibriados.
   378 | D:4      | Noticed a hound
   432 | D:4      | Reached XP level 2. HP: 16/24 MP: 2/2
   690 | D:3      | Found Jewnug's Antique Armour Shoppe.
   773 | D:3      | Reached skill level 1 in Spellcasting
   774 | D:3      | Reached XP level 3. HP: 19/29 MP: 4/4
   892 | D:3      | Reached skill level 1 in Ranged Weapons
  1153 | D:1      | Reached * piety under Vehumet
  1153 | D:1      | Offered knowledge of Kiss of Death by Vehumet.
  1158 | D:1      | Learned a level 3 spell: Stone Arrow
  1160 | D:1      | Learned a level 1 spell: Kiss of Death
  1470 | D:1      | Reached XP level 4. HP: 35/35 MP: 6/6
  1971 | D:2      | Reached skill level 1 in Earth Magic
  2072 | D:2      | Reached skill level 1 in Conjurations
  2488 | D:3      | Reached XP level 5. HP: 35/41 MP: 7/7
  2789 | D:3      | Reached ** piety under Vehumet
  2789 | D:3      | Offered knowledge of Freeze by Vehumet.
  2794 | D:3      | Learned a level 1 spell: Freeze
  3273 | D:3      | Found a runed translucent gate.
  3274 | D:3      | Found a runed translucent gate.
  3275 | D:3      | Found a runed translucent gate.
  3275 | D:3      | Noticed selver's ghost (amateur MiHu)
  3277 | D:3      | Noticed a kobold brigand
  3494 | D:3      | Bought a glowing leather armour for 90 gold pieces
  3718 | D:5      | Noticed an ogre
  3794 | D:4      | Found an opulent altar of Gozag.
  3795 | D:4      | Found a broken altar of Ashenzari.
  4088 | D:5      | Found a runed translucent door.
  4089 | D:5      | Noticed pigah's ghost (amateur OpWn)
  4126 | D:5      | Found a runed translucent door.
  4241 | D:5      | Noticed Prince Ribbit
  4254 | D:5      | Reached XP level 6. HP: 47/47 MP: 9/9
  4572 | D:6      | Reached skill level 1 in Short Blades
  4674 | D:5      | Reached skill level 1 in Necromancy
  4674 | D:5      | Reached XP level 7. HP: 41/53 MP: 9/11
  4740 | D:5      | Identified the +2 cloak of Quantum Leap {*Slow Dex+4}
  5497 | D:9      | Noticed a yak
  5511 | D:8      | Reached XP level 8. HP: 33/60 MP: 13/13
  5844 | D:8      | Offered knowledge of Ignite Poison by Vehumet.
  5849 | D:8      | Learned a level 3 spell: Ignite Poison
  6064 | D:6      | Found a staircase to the Ecumenical Temple.
  6166 | D:6      | Found a faded altar of an unknown god.
  6166 | D:6      | Found a hazy altar of Hepliaklqana.
  6176 | D:6      | Found a faded altar of an unknown god.
  6629 | D:5      | Reached *** piety under Vehumet
  6798 | D:5      | Reached XP level 9. HP: 66/66 MP: 14/16
  7078 | D:6      | You fall into a shaft and drop 1 floor!
  7258 | D:7      | Found an iron altar of Okawaru.
  7264 | D:7      | Noticed a manticore
  7268 | D:7      | Noticed AverageBear's ghost (novice OpFi)
  7271 | D:7      | Found a transporter.
  7272 | D:7      | Noticed a centaur warrior
  7290 | D:7      | Found a transporter.
  7318 | D:7      | Reached skill level 1 in Poison Magic
  7333 | D:7      | You fall into a shaft and drop 3 floors!
  7333 | D:10     | Entered Level 10 of the Dungeon
  7550 | D:10     | Reached skill level 5 in Spellcasting
  7550 | D:10     | Reached skill level 1 in Transmutations
  7550 | D:10     | Reached skill level 1 in Fire Magic
  7586 | D:10     | Reached skill level 5 in Fighting
  7980 | D:9      | Found a staircase to the Lair.
  8041 | D:9      | Reached skill level 5 in Conjurations
  8719 | D:6      | You fall into a shaft and drop 1 floor!
  8823 | D:6      | Reached XP level 10. HP: 61/74 MP: 15/18
  9046 | D:7      | Offered knowledge of Mephitic Cloud by Vehumet.
  9051 | D:7      | Learned a level 3 spell: Mephitic Cloud
  9222 | D:7      | Reached skill level 5 in Earth Magic
  9268 | D:7      | Found a blossoming altar of Fedhas.
  9440 | D:8      | Noticed Grum
 10019 | D:7      | Reached skill level 1 in Air Magic
 10298 | D:8      | Noticed Maurice
 10385 | D:8      | Killed Maurice
 10441 | D:8      | Killed Grum
 10571 | D:8      | Reached **** piety under Vehumet
 10580 | D:8      | Offered knowledge of Plasma Beam by Vehumet.
 10604 | D:8      | Learned a level 5 spell: Plasma Beam
 10860 | D:9      | Reached XP level 11. HP: 44/81 MP: 10/21
 11238 | D:9      | Identified the +1 robe of the Butcher {-Cast +Blink rC+++
                  | Str-4}
 11607 | D:10     | Reached skill level 5 in Poison Magic
 12277 | D:10     | Found a staircase to the Orcish Mines.
 12412 | D:10     | Reached ***** piety under Vehumet
 12412 | D:10     | Offered knowledge of Ozocubu's Refrigeration by Vehumet.
 12785 | D:12     | Noticed a manticore
 12788 | D:12     | Killed a manticore
 13354 | D:11     | Reached skill level 5 in Fire Magic
 13429 | D:11     | Noticed Urug
 13438 | D:11     | Killed Urug
 13547 | D:11     | Noticed a two-headed ogre
 13563 | D:11     | Killed a two-headed ogre
 13575 | D:11     | Noticed Nergalle
 13657 | D:11     | Killed Nergalle
 14091 | D:3      | Reached XP level 12. HP: 80/88 MP: 5/24
 14095 | D:3      | Killed selver's ghost
 14248 | D:5      | Killed pigah's ghost
 14509 | D:5      | Killed Prince Ribbit
 14669 | Lair:1   | Entered Level 1 of the Lair of Beasts
 15168 | Lair:1   | Noticed Maggie
 15174 | Lair:1   | Killed Maggie
 15175 | Lair:1   | Reached skill level 1 in Evocations
 15218 | Lair:1   | You fall into a shaft and drop 1 floor!
 15251 | Lair:2   | Noticed Harold
 15286 | Lair:2   | Killed Harold
 15316 | Lair:2   | Reached skill level 5 in Air Magic
 15518 | Lair:2   | Noticed a seven-headed hydra
 15519 | Lair:2   | Found a staircase to the Swamp.
 15548 | Lair:2   | You fall into a shaft and drop 1 floor!
 15655 | Lair:3   | Found a frozen archway.
 15665 | IceCv    | Entered an ice cave
 17103 | IceCv    | HP: 3/89 [harpy simulacrum (7)]
 17103 | IceCv    | Slain by a harpy simulacrum

Illustrated notes

Levels and vault maps discovered:
D:1:      dpeg_arrival_snail, layout_rooms
D:2:      layout_rooms
D:3:      layout_basic, serial_shops, nicolae_shop_hallway_plus,
          gammafunk_ghost_nasty_kobolds, serial_curves, eino_curves_02,
          eino_curves_01, grunt_ministairs_15
D:4:      layout_basic, mainiacjoe_overflow_brackets,
          gammafunk_temple_overflow_statue
D:5:      layout_loops_cross, nicolae_overflow_hidden_temple,
          ebering_ghost_sewer_f, minmay_divided_ellipse, uniq_prince_ribbit1
D:6:      layout_loops_corners, nicolae_hepliaklqana_ecumenical_no_more,
          minmay_temple_entry_trees
D:7:      layout_loops_ring, general_overflow_altar,
          lemuel_coloured_pillars_altar, gammafunk_ghost_arena
D:8:      layout_loops_ring, dk_rats_in_the_wall, uniq_grum, uniq_maurice
D:9:      layout_rooms, lair_entry_dummy, st_stairs_7, minmay_misc_feat_chi
D:10:     layout_basic, david_orc_2
D:11:     layout_grid_maze, uniq_urug, uniq_nergalle
D:12:     layout_big_octagon
Lair:1:   layout_loops_ring, uniq_maggie
Lair:2:   nzn_winding_woodlands_three_and_one [nzn_winding_woodlands_5x15_twine,
          nzn_winding_woodlands_5x15_garden, nzn_winding_woodlands_5x15_default,
          nzn_winding_woodlands_center_pierced_h], layout_regular_city,
          minmay_swamp_entry_reptiles, nicolae_spider_entry_non_spiders,
          nicolae_quartered_pool_little, uniq_sonja, uniq_harold
Lair:3:   hangedman_what_comes_after_a, layout_hall_layers,
          portal_ice_cave_entry_pillars_1, enter_volcano_3
IceCv:    ice_cave_caverns_01

Skill      XL: |  1  2  3  4  5  6  7  8  9 10 11 12 |
---------------+-------------------------------------+-----
Dodging        | 2 |  2.0
Spellcasting   | 1 2 3 4 5 7 8 9 |  9.3
Ranged Weapons | 1 2 3 |  3.5
Earth Magic    | 1 2 3 4 5 6 |  6.0
Conjurations   | 1 2 3 4 5 6 7 8 |  8.2
Short Blades   | 1 2 |  2.0
Necromancy     | 1 2 3 |  3.0
Fighting       | 4 5 6 |  6.4
Stealth        | 7 8 9 |  9.0
Poison Magic   | 2 4 5 6 |  6.0
Transmutations | 2 3 4 |  4.0
Fire Magic     | 2 3 5 6 |  6.0
Air Magic      | 1 3 5 |  5.2
Evocations     | 1 |  1.9
Maces & Flails | |  2.2

Action                     |  1- 3 |  4- 6 |  7- 9 | 10-12 || total
---------------------------+-------+-------+-------+-------++-------
  Melee: Mace              |    50 |       |       |       ||    50
         Dagger            |       |    82 |   194 |   179 ||   455
         Punch             |       |     2 |     1 |     4 ||     7
         Falchion          |       |     3 |    19 |    25 ||    47
         War axe           |       |       |       |    11 ||    11
   Fire: Sling             |    51 |   135 |    29 |       ||   215
         Shortbow          |       |       |    78 |   229 ||   307
  Throw: Dart              |     1 |       |     8 |     6 ||    15
   Cast: Ignite Poison     |       |       |    10 |   107 ||   117
         Mephitic Cloud    |       |       |       |    90 ||    90
         Stone Arrow       |       |       |       |     1 ||     1
         Plasma Beam       |       |       |       |     1 ||     1
Ability: Shaft Self        |       |       |     3 |     2 ||     5
  Evoke: Wand              |     1 |       |     3 |     1 ||     5
    Use: Scroll            |       |     6 |     4 |    10 ||    20
         Potion            |       |       |     4 |     8 ||    12
   Stab: Sleeping          |     2 |     3 |     4 |     2 ||    11
         Confused          |       |       |       |    12 ||    12
 Armour: Leather armour    |    21 |    34 |    52 |    85 ||   192
  Dodge: Dodged            |    66 |    66 |   105 |   163 ||   400
  Block: Other             |       |    14 |    47 |    66 ||   127
         Reflection        |       |     1 |     7 |     4 ||    12

Table legend: (Time is in decaauts)
 A = Elapsed time spent in this place.
 B = Non-inter-level travel time spent in this place.
 C = Inter-level travel time spent in this place.
 D = Time resting spent in this place.
 E = Time spent auto-exploring this place.
 F = Levels seen in this place.
 G = Mean time per level.
                   A        B        C        D        E       F      G
               +--------+--------+--------+--------+--------+-----+--------+
         Total |  17231 |  15894 |   1337 |   4331 |   5586 |  16 | 1076.9 |
       Dungeon |  14977 |  13640 |   1337 |   3396 |   5424 |  12 | 1248.1 |
          Lair |    789 |    789 |      0 |    237 |    162 |   3 |  263.0 |
      Ice Cave |   1464 |   1464 |      0 |    698 |      0 |   1 | 1464.0 |
               +--------+--------+--------+--------+--------+-----+--------+

Top non-repeatable levels by time:
     D:5: 1846 daAuts
     D:6: 1758 daAuts
     D:3: 1631 daAuts
     D:7: 1553 daAuts
     D:8: 1553 daAuts
    D:10: 1507 daAuts
     D:9: 1499 daAuts
   IceCv: 1464 daAuts
    D:11: 1170 daAuts
     D:4: 929 daAuts
     D:1: 804 daAuts
     D:2: 634 daAuts
  Lair:1: 344 daAuts
  Lair:2: 328 daAuts
  Lair:3: 116 daAuts
